 Dungeon Crawl Stone Soup version 0.22.1-1-ga44c0e5 (webtiles) character file.

2002 keltmir the Thaumaturge (level 9, 0/45 HPs)
             Began as a Deep Elf Fire Elementalist on Sept 27, 2018.
             Was an Initiate of Sif Muna.
             Succumbed to Duvessa's poison
             ... on level 5 of the Dungeon.
             The game lasted 00:32:28 (8592 turns).

keltmir the Thaumaturge (DEFE)                      Turns: 8592, Time: 00:32:28

Health: 0/45       AC:  7    Str:  5    XL:     9   Next: 2%
Magic:  23/24      EV: 18    Int: 24    God:    Sif Muna [......]
Gold:   178        SH:  0    Dex: 17    Spells: 16/27 levels left

rFire    + . .     SeeInvis .   a - +9 war axe "Arcanum" {chop, rC+ Dex+2}
rCold    + . .     Gourm    .   (no shield)
rNeg     . . .     Faith    .   y - +2 robe {rF+}
rPois    .         Spirit   .   g - +0 helmet
rElec    .         Reflect  .   (no cloak)
rCorr    .         Harm     .   w - +1 pair of gloves
MR       .....                  (no boots)
Stlth    ++........             (no amulet)
HPRegen  0.15/turn              n - ring of flight
MPRegen  0.19/turn              (no ring)

@: lethally poisoned (0 -> -3)
A: no striking features
a: Renounce Religion, Evoke Flight


You were on level 5 of the Dungeon.
You worshipped Sif Muna.
Sif Muna was noncommittal.
You were not hungry.

You visited 2 branches of the dungeon, and saw 7 of its levels.

You collected 178 gold pieces.

Inventory:

Hand Weapons
 a - the +9 war axe "Arcanum" (weapon) {chop, rC+ Dex+2}
   (You found it on level 5 of the Dungeon)

   It inflicts extra damage upon your enemies.
   It affects your dexterity (+2).
   It protects you from cold.
 b - a +0 shortbow
Missiles
 k - 12 poisoned needles
 q - 31 arrows
Armour
 g - a +0 helmet (worn)
 h - a +2 leather armour of cold resistance
 w - a +1 pair of gloves (worn)
 y - a +2 robe of fire resistance (worn)
Jewellery
 n - a ring of flight (left hand)
Wands
 m - a wand of paralysis (15)
 r - a wand of polymorph (24)
Scrolls
 d - a scroll of teleportation {unknown}
 o - a scroll of blinking {unknown}
 p - 4 scrolls of remove curse
Potions
 e - 2 potions of might
 f - a potion of lignification
 i - a potion of ambrosia
 l - a potion of agility
 s - a potion of haste
 v - 4 potions of heal wounds
Comestibles
 c - 10 rations
 j - 2 chunks of flesh


   Skills:
   Level 0.1 Short Blades
 + Level 7.9 Dodging
 - Level 2.4 Stealth
 + Level 9.7 Spellcasting
 - Level 1.1 Conjurations
 + Level 8.3 Fire Magic


You had 16 spell levels left.
You knew the following spells:

 Your Spells              Type           Power        Failure   Level  Hunger
a - Flame Tongue          Conj/Fire      ####.        1%          1    None
b - Throw Flame           Conj/Fire      ####..       1%          2    None
c - Conjure Flame         Conj/Fire      ####....     2%          3    None
d - Fireball              Conj/Fire      ####......   22%         5    ####...

Your spell library contained the following spells:

 Spells                   Type           Power        Failure   Level  Hunger
 Inner Flame              Hex/Fire       ####....     3%          3    None
 Sticky Flame             Conj/Fire      ####....     8%          4    #......


Dungeon Overview and Level Annotations

Branches:
Dungeon (6/15)             Temple (1/1) D:4

Altars:
Ashenzari
Cheibriados
Dithmenos
Elyvilon
Fedhas
Gozag
Kikubaaqudgha
Okawaru
Ru
Sif Muna
Trog
Uskayaw
Wu Jian
Yredelemnul
Zin
The Shining One

Shops:
D:4 (

Annotations:
D:6 Dowan, Duvessa


Message History

Duvessa hits you with a rapier of venom.
You are poisoned.
You feel sick.
You feel sick.
You feel sick.
Duvessa hits you with a rapier of venom.
Dowan gestures at you while chanting. The puff of frost hits you! You resist.
You feel sick. Duvessa misses you.
You feel sick. Duvessa closely misses you.
You feel sick.
You feel sick. Duvessa barely misses you.
You feel sick. Duvessa misses you.
You feel sick.
Duvessa says, "Where magic fails, the sword succeeds!"
There is a stone staircase leading up here.
Duvessa hits you with a rapier of venom!
* * * LOW HITPOINT WARNING * * *
You climb upwards.
You die...

..## #...###### #...........
#..###.### #........... #......#
#####..>........ ...#####
#............... ##.#####
#.#####.#......# .<.....### #.#
###...##.###
##.###...#########.###........#
#.# ###........#.....<..######
#.# ########.@..###..#########
#.# ##.#.#)...###......
#.#############...).##.##.......
#..##...............#..#........
##..##.###.###........##........
##.##.###.##..######.##........
#.##..##.##.## ##...........
###.###.......# ###..#.........
##.......#..####
##...####.......


There were no monsters in sight!

Vanquished Creatures
  A hippogriff (D:5)
  Sigmund (D:5)
  Menkaure (D:4)
  Edmund (D:4)
  A water moccasin (D:5)
  3 ogres (D:4)
  2 centaurs
  Blork the orc (D:5)
  2 bullfrogs
  A scorpion (D:5)
  2 crimson imps (D:5)
  A hound (D:5)
  An orc priest (D:3)
  3 centaur skeletons
  3 orc wizards
  An iguana (D:4)
  5 worker ants
  A hound zombie (D:5)
  4 gnolls
  9 adders
  A shadow imp (D:4)
  An adder zombie (D:3)
  An adder skeleton (D:5)
  5 worms
  3 dart slugs
  9 orcs
  5 giant cockroaches
  4 hobgoblins
  4 jackals (D:3)
  4 quokkas
  10 bats
  2 frilled lizards
  9 goblins
  8 kobolds
  2 leopard gecko skeletons (D:4)
  A rat (D:2)
113 creatures vanquished.

Notes
Turn   | Place    | Note
-------+----------+-------------------------------------------
     0 | D:1      | keltmir the Deep Elf Fire Elementalist began the quest for
                  | the Orb.
     0 | D:1      | Reached XP level 1. HP: 10/10 MP: 6/6
   258 | D:1      | Reached XP level 2. HP: 15/15 MP: 2/8
   331 | D:1      | Learned a level 2 spell: Throw Flame
   831 | D:1      | You fall through a shaft!
  1076 | D:2      | Reached XP level 3. HP: 19/19 MP: 0/10
  1303 | D:2      | Learned a level 3 spell: Conjure Flame
  1345 | D:2      | Reached skill level 4 in Spellcasting
  1508 | D:2      | Found an opulent altar of Gozag.
  1829 | D:2      | Reached XP level 4. HP: 24/24 MP: 10/12
  1999 | D:2      | Found an ornate altar of the Wu Jian Council.
  2622 | D:3      | Reached skill level 5 in Spellcasting
  2634 | D:3      | Reached XP level 5. HP: 24/28 MP: 3/14
  2940 | D:3      | Reached skill level 5 in Fire Magic
  3437 | D:3      | Reached skill level 6 in Spellcasting
  3712 | D:3      | Reached XP level 6. HP: 32/32 MP: 9/17
  3913 | D:4      | Found Daretiph's Antique Weapon Emporium.
  4000 | D:3      | Learned a level 5 spell: Fireball
  4101 | D:4      | Found a sacrificial altar of Ru.
  4349 | D:4      | Found a staircase to the Ecumenical Temple.
  4358 | Temple   | Entered the Ecumenical Temple
  4625 | D:4      | Found an ancient bone altar of Kikubaaqudgha.
  4968 | D:4      | Found an iron altar of Okawaru.
  5055 | D:4      | Noticed Menkaure
  5059 | D:4      | Killed Menkaure
  5059 | D:4      | Reached skill level 5 in Dodging
  5059 | D:4      | Reached skill level 7 in Spellcasting
  5059 | D:4      | Reached XP level 7. HP: 36/36 MP: 9/19
  5655 | D:4      | Found a blossoming altar of Fedhas.
  6004 | D:5      | Entered Level 5 of the Dungeon
  6774 | D:5      | Got a faintly glowing war axe
  6775 | D:5      | Identified the +9 war axe "Arcanum" {chop, rC+ Dex+2} (You
                  | found it on level 5 of the Dungeon)
  6804 | D:5      | Noticed Edmund
  6846 | D:4      | Reached skill level 8 in Spellcasting
  6846 | D:4      | Reached XP level 8. HP: 22/41 MP: 1/22
  7021 | D:5      | Noticed Blork the orc
  7208 | D:5      | Killed Blork the orc
  7485 | D:4      | Killed Edmund
  7485 | D:4      | Reached skill level 9 in Spellcasting
  7832 | D:5      | Found a white marble altar of Elyvilon.
  7836 | D:5      | Noticed Sigmund
  8051 | D:5      | Killed Sigmund
  8141 | D:5      | Found a deep blue altar of Sif Muna.
  8146 | D:5      | Became a worshipper of Sif Muna the Loreminder
  8248 | D:5      | Noticed a hippogriff
  8259 | D:5      | Killed a hippogriff
  8557 | D:6      | Noticed Duvessa
  8557 | D:6      | Noticed Dowan
  8575 | D:6      | Reached XP level 9. HP: 39/45 MP: 24/24
  8591 | D:6      | HP: 1/45 [Duvessa/rapier of venom (11)]
  8592 | D:5      | Succumbed to Duvessa's poison

Skill      XL: |  1  2  3  4  5  6  7  8 |
---------------+-------------------------+-----
Fire Magic     | 4 5 6 8 |  8.3
Spellcasting   | 4 5 6 7 8 9 |  9.7
Dodging        | 3 4 5 6 7 |  7.9
Short Blades   | |  0.1
Stealth        | |  2.4
Conjurations   | |  1.1

Action                   |  1- 3 |  4- 6 |  7- 9 || total
-------------------------+-------+-------+-------++-------
Melee: Dagger            |     7 |    14 |       ||    21
       Falchion          |       |       |    26 ||    26
       Whip              |       |       |    23 ||    23
       War axe           |       |       |    35 ||    35
 Fire: Hunting sling     |     4 |       |       ||     4
       Shortbow          |       |       |    12 ||    12
 Cast: Flame Tongue      |    28 |    25 |    11 ||    64
       Throw Flame       |    28 |    88 |    99 ||   215
       Conjure Flame     |     2 |     1 |     2 ||     5
  Use: Scroll            |     3 |    10 |     1 ||    14
       Potion            |       |       |     3 ||     3
 Stab: Sleeping          |       |     1 |       ||     1
  Eat: Chunk             |     3 |    10 |     8 ||    21
       Ration            |       |       |     1 ||     1
Armor: Robe              |     4 |     4 |     7 ||    15
       Leather armour    |       |       |    28 ||    28
Dodge: Dodged            |    18 |    16 |   129 ||   163
       Rpst.: Falchion   |       |       |     5 ||     5
